 Dungeon Crawl Stone Soup version 0.30.1-11-g7821555f0a (webtiles) character file.

Game seed: 10183206003750928191

59 lonewolfV2 the Covered (level 4, -3/35 HPs)
             Began as a Human Fighter on Nov 1, 2023.
             Slain by a gnoll
             ... wielding a +0 halberd
              (4 damage)
             ... on level 2 of the Dungeon.
             The game lasted 00:02:52 (1509 turns).

lonewolfV2 the Covered (Human Fighter)              Turns: 1509, Time: 00:02:52

Health: -3/35      AC:  6    Str: 18    XL:     4   Next: 22%
Magic:  4/4        EV: 10    Int:  8    God:
Gold:   61         SH:  5    Dex: 13    Spells: 3/3 levels left

rFire   . . .        a - +0 war axe
rCold   . . .        c - +0 buckler
rNeg    . . .        b - +0 scale mail
rPois   .            (no helmet)
rElec   .            (no cloak)
rCorr   .            (no gloves)
SInv    .            (no boots)
Will    .....        (no amulet) Stlth
                     (no ring)
HPRegen 0.25/turn    (no ring)
MPRegen 0.09/turn

%: no passive effects
@: mighty
A: no striking features
a: no special abilities


You were on level 2 of the Dungeon.
You visited 1 branch of the dungeon, and saw 2 of its levels.

You collected 61 gold pieces.

Inventory:

Hand Weapons
 a - a +0 war axe (weapon)
Missiles
 h - a throwing net (quivered)
 j - 2 boomerangs
Armour
 b - a +0 scale mail (worn)
 c - a +0 buckler (worn)
Jewellery
 e - an amulet of regeneration
Scrolls
 f - 2 scrolls of identify
 g - a scroll of silence
 k - 2 scrolls of teleportation
 m - a scroll of amnesia {unknown}
Potions
 i - a potion of heal wounds {unknown}
 l - a potion of flight {unknown}
 n - a potion of lignification {unknown}


   Skills:
 - Level 3.0 Fighting
 - Level 2.0 Axes
 + Level 3.5 Armour
 * Level 2.3 Dodging
 + Level 3.4 Shields


You had 3 spell levels left.
You didn't know any spells.
Your spell library was empty.

Dungeon Overview and Level Annotations

Branches:
Dungeon (2/15)

Altars:

Shops:
D:1 :*[   D:2 :


Message History

There are monsters nearby!
There are monsters nearby!
A dart slug comes into view.
Found a whip.
Found a stone staircase leading up and a stone staircase leading down.
You see here a silvery potion.
A gnoll comes into view. It is wielding a +0 spear.
The gnoll hits you with a +0 halberd.
You hit the gnoll.
The gnoll is moderately wounded.
A kobold comes into view. It is wielding a +0 club.
You block the gnoll's attack.
The kobold shouts!
You hit the gnoll.
The gnoll is moderately wounded.
You block the gnoll's attack. The gnoll hits you with a +0 flail!
You closely miss the gnoll.
The gnoll is moderately wounded.
The gnoll barely misses you. The gnoll hits you with a +0 flail!
You slash the gnoll!
You kill the gnoll!
The gnoll closely misses you. The gnoll barely misses you.
You closely miss the kobold. The gnoll closely misses you.
The kobold closely misses you.
The gnoll hits you from afar with a +0 halberd.
The kobold completely misses you.
The gnoll hits you from afar with a +0 spear.
You miss the kobold. You block the gnoll's attack.
The kobold barely misses you. The gnoll hits you but does no damage.
The gnoll barely misses you.
You feel very mighty all of a sudden. The gnoll hits you but does no damage.
The kobold barely misses you.
The gnoll hits you from afar with a +0 halberd!
* * * LOW HITPOINT WARNING * * *
You slash the kobold!
You kill the kobold!
The gnoll hits you from afar with a +0 spear.
* * * LOW HITPOINT WARNING * * *
The gnoll hits you from afar with a +0 halberd.
You die...

............##...#.........
.........##....##...#.####.
.............>.....##.# #.
............#..###.##. ...
.........####......# ....
........## ........ ...##
.........# )...... .#. .
.........###....... #
..........@)g...... #
.........###g#....<
.........# ... ...
########## ..... > .......
#...... ...... .####.


You could see 2 gnolls.

Vanquished Creatures
  A gnoll (D:2)
  An adder (D:2)
  A dart slug (D:1)
  4 ball pythons
  2 endoplasms
  A giant cockroach (D:1)
  4 goblins (D:1)
  5 hobgoblins
  4 jackals (D:2)
  2 quokkas
  4 bats
  2 frilled lizards (D:2)
  4 kobolds
  4 rats (D:1)
39 creatures vanquished.

Notes
Turn   | Place    | Note
-------+----------+-------------------------------------------
     0 | D:1      | lonewolfV2 the Human Fighter began the quest for the Orb.
     0 | D:1      | Reached XP level 1. HP: 18/18 MP: 1/1
    63 | D:1      | Found Jehaj's Assorted Antiques.
   118 | D:1      | Reached XP level 2. HP: 24/24 MP: 2/2
   158 | D:1      | Reached skill level 1 in Dodging
   193 | D:1      | Found Ruagagal's Antique Armour Shoppe.
   663 | D:1      | Reached XP level 3. HP: 29/29 MP: 3/3
   777 | D:1      | Found Unicuc's Book Shop.
  1382 | D:2      | Found Ciocloce's Book Emporium.
  1470 | D:2      | Reached XP level 4. HP: 33/35 MP: 4/4
  1509 | D:2      | HP: 1/35 [gnoll/+0 spear (3)]
  1509 | D:2      | Slain by a gnoll

Illustrated notes

Levels and vault maps discovered:
D:1:      minmay_arrival_checkered_box, layout_basic, serial_shops, shop, shop,
          shop
D:2:      layout_rooms, serial_shops, shop, kennysheep_nub

Skill      XL: |  1  2  3 |
---------------+----------+-----
Dodging        | 1 2 |  2.3
Fighting       | |  3.0
Axes           | |  2.0
Armour         | |  3.5
Shields        | |  3.4

Action                     |  1- 3 |  4- 6 || total
---------------------------+-------+-------++-------
  Melee: War axe           |    96 |    11 ||   107
    Use: Scroll            |     4 |       ||     4
         Potion            |       |     1 ||     1
 Armour: Scale mail        |    70 |     3 ||    73
  Dodge: Dodged            |    63 |    14 ||    77
  Block: Buckler           |    27 |     4 ||    31
